 Dungeon Crawl Stone Soup version 0.17.1-3-g152610e (webtiles) character file.

456850 Alarkh the Wrestler (level 24, 207/207 HPs)
             Began as a Ghoul Monk on Apr 14, 2016.
             Was a High Priest of Okawaru.
             Quit the game on level 4 of the Depths on Apr 16, 2016.
             The game lasted 03:40:57 (59689 turns).

Alarkh the Wrestler (Ghoul Monk)                   Turns: 59689, Time: 03:40:57

Health: 207/207    AC: 27    Str: 23    XL:     24   Next: 40%
Magic:  42/42      EV: 19    Int: 15    God:    Okawaru [*****.]
Gold:   3664       SH:  0    Dex: 18    Spells: 6 memorised, 34 levels left

rFire  + . .     SeeInvis .       - Unarmed
rCold  + . .     Clarity  +     G - +4 fire dragon armour
rNeg   + + +     SustAt   .     (no shield)
rPois  ∞         Gourm    .     o - +2 hat of Winter {Regen+ Str+2}
rElec  .         Spirit   .     j - +1 cloak of the Iron Devil {rF- rN+ rCorr Dex+7}
rCorr  +         Warding  .     b - +1 pair of gloves {Str+3}
rMut   .         Stasis   .     q - +2 pair of boots {run}
MR     +....                    c - amulet of clarity
Stlth  +.........               y - ring of protection from cold
                                D - +2 ring of intelligence

@: rotting, deflect missiles, quick, somewhat resistant to hostile enchantments,
very unstealthy
A: rotting body, claws 1, carnivore 3, cold resistance 1, negative energy
resistance 3, slow regeneration 1, torment resistance, unbreathing
a: Heroism, Finesse, Renounce Religion
}: 2/15 runes: decaying, gossamer


You were on level 4 of the Depths.
You worshipped Okawaru.
Okawaru was extremely pleased with you.
You were not hungry.

You visited 10 branches of the dungeon, and saw 48 of its levels.
You visited the Abyss 2 times.
You also visited: Trove, Sewer and Volcano.

You collected 7457 gold pieces.
You spent 3793 gold pieces at shops.

Inventory:

Missiles
 N - 4 throwing nets (quivered)
Armour
 b - a +1 pair of gloves of strength (worn)
 j - the +1 cloak of the Iron Devil (worn) {rF- rN+ rCorr Dex+7}
   (Okawaru gifted it to you on level 4 of the Orcish Mines)

   It affects your dexterity (+7).
   It makes you vulnerable to fire.
   It protects you from negative energy.
   It protects you from acid and corrosion.
 o - the +2 hat of Winter (worn) {Regen+ Str+2}
   (Okawaru gifted it to you on level 1 of the Swamp)

   It affects your strength (+2).
   It increases your rate of regeneration.
 q - a +2 pair of boots of running (worn)
 G - a +4 fire dragon armour (worn)
Rods
 e - a +5 rod of the swarm (10/10)
   (You took it off a fire giant on level 3 of the Depths)
Jewellery
 a - an uncursed ring of flight
 c - an amulet of clarity (around neck)
 i - an uncursed ring of wizardry
 s - an uncursed amulet of regeneration
 y - a ring of protection from cold (right hand)
 D - a +2 ring of intelligence (left hand)
 E - an uncursed ring of see invisible
 Z - an uncursed ring of teleportation
Wands
 k - a wand of teleportation (1)
 l - a wand of digging (6)
 B - a wand of heal wounds (3)
 C - a wand of disintegration (13)
 M - a wand of teleportation (5)
 S - a wand of teleportation (2)
Scrolls
 d - a scroll of brand weapon
 g - 4 scrolls of blinking
 A - a scroll of immolation
 H - a scroll of amnesia
 I - 8 scrolls of fear
 J - 6 scrolls of fog
 K - a scroll of identify
 L - 11 scrolls of magic mapping
 P - 11 scrolls of remove curse
 R - 2 scrolls of summoning
 T - 2 scrolls of torment
Potions
 r - 2 potions of heal wounds
 v - a potion of magic
 w - 4 potions of haste
 x - 3 potions of might
 z - 3 potions of resistance
 U - 5 potions of brilliance
 W - 3 potions of cancellation
 X - 9 potions of curing
 Y - 5 potions of flight
Miscellaneous
 f - a plain deck of changes
 n - a plain deck of destruction
 O - a fan of gales
 Q - a crystal ball of energy
Comestibles
 h - 6 chunks of flesh
 u - a meat ration


   Skills:
 + Level 15.4 Fighting
 + Level 13.2 Armour
 + Level 13.2 Dodging
 - Level 3.3 Stealth
 * Level 21.7 Unarmed Combat
 + Level 16.3 Spellcasting
 - Level 14.0 Charms
 + Level 14.6 Air Magic
 - Level 2.0 Invocations
 - Level 1.8 Evocations


You had 34 spell levels left.
You knew the following spells:

 Your Spells              Type           Power        Failure   Level  Hunger
a - Song of Slaying       Chrm           ######..     1%          2    None
d - Deflect Missiles      Chrm/Air       ######....   8%          6    ######.
e - Passage of Golubria   Tloc           N/A          93%         4    #......
f - Haste                 Chrm           ######..     8%          6    ######.
g - Repel Missiles        Chrm/Air       ######       1%          2    None
t - Apportation           Tloc           ##........   12%         1    None


Dungeon Overview and Level Annotations

Branches:
Dungeon (15/15)            Temple (1/1) D:6            Lair (8/8) D:9
  Swamp (4/4) Lair:6       Spider (4/4) Lair:6        Slime (0/6) Lair:7
    Orc (4/4) D:12            Elf (3/3) Orc:3        Vaults (4/5) D:14
  Crypt (0/3) Vaults:3     Depths (4/5) D:15           Hell (1/1)
    Dis (0/7) Hell            Coc (0/7) Hell            Tar (0/7) Hell
    Geh: Hell:1

Altars:
Ashenzari
Cheibriados
Dithmenos
Elyvilon
Fedhas
Gozag
Kikubaaqudgha
Makhleb
Nemelex Xobeh
Okawaru
Qazlal
Ru
Sif Muna
Trog
Vehumet
Xom
Yredelemnul
Zin
The Shining One
Beogh

Shops:
D:5 ?   D:6 (   D:14 [*   Orc:2 [   Orc:4 [%[:   Elf:3 *   Vaults:1 *??:=
Vaults:3 (   Vaults:4 [*[*:   Depths:1 }

Portals:
Hell: Depths:1 Depths:2 Depths:3
Pandemonium: Depths:1 Depths:3
Ziggurat: Depths:3

Annotations:
Hell exclusion: ice statue


Innate Abilities, Weirdness & Mutations

Your body is rotting away.
You thrive on raw meat.
You are immune to poison.
You have sharp fingernails.
You are carnivorous and can eat meat at any time.
Your flesh is cold resistant.
You are immune to negative energy.
You regenerate slowly when monsters are visible.
You are immune to unholy pain and torment.
You can survive without breathing.


Message History

You hit the trapdoor spider but do no damage.
You punch the trapdoor spider.
The trapdoor spider is moderately wounded.
The trapdoor spider bites you but does no damage.
You pummel the trapdoor spider!!
The trapdoor spider is severely wounded.
You barely miss the trapdoor spider.
The trapdoor spider is severely wounded.
The trapdoor spider bites you but does no damage.
You pummel the trapdoor spider!!
You kill the trapdoor spider!
Okawaru accepts your kill.
h - 8 chunks of flesh Eat one of 8 chunks of flesh? (ye/n/q/i?) This raw flesh tastes great!
You continue eating. x2
Eat one of 7 chunks of flesh? (ye/n/q/i?) This raw flesh tastes great!
HP restored.
You continue eating. x2
Are you sure you want to abandon this character and quit the game? (Confirm with "yes".)

####### .......
...(...#######
...$.........#
....#..####.#
.......))..#.###
.......†.†)....# ##
##########.####...#
........##.@.....#
######.##.#....##
#.........#...## ###
#...............
##.###........#........
##...###.###+###...#.....
#..#..##.# #...#..≈..
<.###..'.# #...#.≈≈..
#..#..#### ...#


There were no monsters in sight!

Vanquished Creatures
  A juggernaut (Depths:2)
  Saint Roka (Orc:4)
  Geryon (Hell)
  The ghost of jacquesderrida the Warrior, an adept DgNe (Depths:2)
  2 golden dragons (Depths:3)
  A tentacled monstrosity (Depths:3)
  Asterion (Depths:1)
  2 titans
  3 deep elf blademasters
  A quicksilver dragon (Depths:4)
  An Executioner (Abyss:1)
  2 deep elf master archers (Elf:3)
  A sphinx (Depths:3)
  9 tentacled starspawn
  An octopode crusher (Depths:1)
  Frances (Swamp:2)
  7 thorn hunters
  2 shadow dragons
  2 tengu reavers
  Roxanne (Elf:2)
  A revenant (Abyss:1)
  The ghost of barb4r1an the Peltast, a journeyman MiFi of Okawaru (Swamp:4)
  2 ghost moths (Spider:4)
  13 frost giants
  6 fire giants
  7 vault wardens
  A curse skull (Vaults:3)
  8 deep elf sorcerers
  5 emperor scorpions
  A balrug (Depths:3)
  2 war gargoyles (Hell)
  A spriggan defender (Depths:3)
  3 very ugly things (Depths:3)
  10 ironheart preservers
  3 reapers
  14 stone giants
  3 vampire knights
  15 starcursed masses (Abyss:1)
  3 deep elf demonologists
  Azrael (Spider:1)
  9 deep elf annihilators
  5 ettins
  Snorg (Lair:5)
  A blizzard demon (Hell)
  6 vault guards
  7 deep elf death magi
  A green death (Hell)
  8 fire dragons
  An eidolon (Abyss:1)
  4 rakshasas
  11 great orbs of eyes
  8 entropy weavers
  7 yaktaur captains
  4 deep elf high priests
  20 hydras
  7 ice dragons
  3 catoblepae
  A ghost crab (Swamp:4)
  10 centaur warriors
  17 dancing weapons (Elf:2)
  2 spriggan air magi
  5 deep troll shamans
  5 tengu warriors
  8 alligators
  16 death yaks
  3 spriggan berserkers
  21 ogre magi
  2 thrashing horrors (Abyss:1)
  11 deep troll earth magi
  5 sun demons
  6 hell hogs
  14 deep elf knights
  2 titan skeletons (Depths:1)
  An ice devil (Depths:3)
  8 hell knights
  2 iron golems
  3 wretched stars
  A shadow wraith (Abyss:3)
  A fire crab (Vaults:3)
  A spatial maelstrom (Abyss:1)
  A skeletal warrior (Vaults:1)
  11 swamp dragons
  6 unseen horrors
  An anaconda zombie (Hell)
  34 deep trolls
  14 hill giants
  2 giant orange brains
  11 orc knights
  A shadow dragon zombie (Depths:1)
  3 shambling mangroves
  A tengu zombie (Depths:1)
  An anaconda skeleton (Abyss:1)
  10 ironbrand convokers
  2 flayed ghosts
  A harpy (Vaults:1)
  7 deep elf summoners
  4 necromancers
  3 lindwurms
  17 wolf spiders
  10 deep elf conjurers
  14 cyclopes
  9 large abominations
  11 orc sorcerers
  8 wizards
  9 hornets
  19 ugly things
  11 orb spiders
  2 iron dragon zombies (Hell)
  4 oklob plants
  5 manticores
  A frost giant zombie (Depths:1)
  2 shining eyes (Trove)
  7 griffons
  A moth of wrath (Spider:4)
  2 black mambas (shapeshifter)
  8 rust devils (Hell)
  30 elephants
  4 centaur zombies
  2 black mambas (Lair:8)
  A guardian serpent (shapeshifter) (Depths:1)
  An iron dragon skeleton (Hell)
  The ghost of barb4r1an the Shield-Bearer, a novice MiFi (D:6)
  6 vault sentinels
  8 torpor snails
  3 gargoyles
  3 molten gargoyles
  24 spiny frogs
  2 kobold demonologists
  11 smoke demons
  A spiny frog (shapeshifter) (Vaults:1)
  4 orange demons (Hell)
  12 demonic crawlers
  An anaconda simulacrum (Hell)
  An efreet (D:14)
  A storm dragon simulacrum (Vaults:3)
  12 komodo dragons
  2 komodo dragons (shapeshifter)
  A blue devil (Abyss:1)
  6 fire drakes
  2 ancient zymes (Abyss:1)
  3 freezing wraiths
  9 trolls
  A hydra zombie (Hell)
  10 deep elf priests
  29 jumping spiders
  3 tengu conjurers
  33 yaktaurs
  A red devil (Hell)
  A queen bee (shapeshifter) (Vaults:3)
  A troll (shapeshifter) (Depths:3)
  A queen bee (D:9)
  A spriggan skeleton (Depths:1)
  A polar bear (Lair:7)
  A wind drake (shapeshifter) (Vaults:1)
  15 two-headed ogres
  8 bog bodies
  25 slime creatures
  34 blink frogs
  6 giant leeches
  2 shadows
  7 boulder beetles
  25 deep elf magi
  63 redbacks
  A trapdoor spider (shapeshifter) (Depths:4)
  29 trapdoor spiders
  2 vampires
  A flying skull (Vaults:3)
  9 raiju (Abyss:1)
  3 ynoxinuls
  A spriggan simulacrum (Depths:1)
  21 tarantellas
  A spriggan (shapeshifter) (Vaults:3)
  4 water elementals
  3 basilisks
  3 wyverns
  40 deep elf fighters
  12 hippogriffs
  Eustachio (D:6)
  A wraith (D:14)
  3 hungry ghosts
  A fire bat (Volcano)
  A golden eye (shapeshifter) (Vaults:3)
  A steam dragon (D:12)
  32 yaks
  A yak (shapeshifter) (Depths:1)
  24 wolves
  5 neqoxecs (Abyss:1)
  3 fire elementals
  43 vampire mosquitoes
  24 insubstantial wisps
  A mottled dragon (D:12)
  A soldier ant (D:9)
  A soldier ant (shapeshifter) (Depths:3)
  18 swamp worms
  2 hydra simulacra (Hell)
  8 wargs
  22 water moccasins
  6 hell hounds
  5 sky beasts
  4 ice beasts
  35 spiders
  18 porcupines
  2 alligator simulacra (Hell)
  An eye of draining (D:11)
  15 swamp drakes
  33 orc warriors
  6 wasps
  A necrophage (D:14)
  43 ogres
  The ghost of Sl000nik the Shield-Bearer, an amateur HuFi (D:3)
  4 boggarts (D:15)
  A black bear (Lair:1)
  27 centaurs
  17 crocodiles
  Blork the orc (D:6)
  3 big kobolds (Vaults:3)
  16 giant frogs
  3 brain worms (Lair:8)
  23 killer bees (D:9)
  4 scorpions
  15 small abominations
  27 wights
  5 electric eels
  4 lava snakes (Volcano)
  6 crimson imps
  5 jellies
  2 giant frog zombies
  2 giant frog skeletons
  9 hounds
  12 iguanas
  A quasit (D:10)
  Crazy Yiuf (D:3)
  32 orc priests
  Ijyb (D:1)
  A gnoll shaman (D:5)
  74 orc wizards
  Jessica (D:2)
  2 centaur skeletons
  Terence (D:2)
  12 hell rats
  An iron imp (Depths:2)
  Natasha (thrice) (D:2)
  8 worker ants
  A killer bee zombie (D:6)
  33 sheep
  A hound zombie (D:11)
  A hound skeleton (D:9)
  8 adders
  12 gnolls
  79 river rats
  8 shadow imps
  An ufetubus (Abyss:3)
  An ooze (Sewer)
  An adder skeleton (D:9)
  An adder zombie (D:9)
  19 worms
  228 orcs
  4 ball pythons
  12 bats
  10 giant cockroaches
  5 goblins (D:1)
  10 hobgoblins
  3 jackals (D:5)
  26 kobolds
  5 quokkas
  5 giant geckos
  9 giant newts
  A quokka zombie (D:5)
  8 rats
  5 briar patches
  A bush (Lair:1)
  A fungus (Lair:8)
  2 plants (Lair:8)
  17 starspawn tentacles
2396 creatures vanquished.

Vanquished Creatures (collateral kills)
  Arachne (Spider:4)
  2 deep elf knights (Elf:1)
  A deep elf conjurer (Elf:1)
  4 orb spiders (Spider:4)
  A hornet (Spider:4)
  A deep elf priest (Elf:1)
  2 jumping spiders (Spider:4)
  5 trapdoor spiders (Spider:4)
  2 redbacks (Spider:4)
  2 deep elf magi (Elf:1)
  3 tarantellas (Spider:4)
  A deep elf fighter (Elf:1)
  A spider (Spider:4)
  A crawling corpse (Elf:1)
27 creatures vanquished.

Vanquished Creatures (others)
  An eldritch tentacle (Depths:3)
  A sphinx (Vaults:4)
  A fire giant (Depths:3)
  A salamander stormcaller (Vaults:2)
  A spriggan (Swamp:1)
  A deep elf knight (Elf:1)
  A spriggan druid (Swamp:4)
  A hill giant (Depths:2)
  An orb spider (Spider:1)
  A jumping spider (Spider:1)
  A two-headed ogre (Vaults:4)
  A tarantella (Spider:4)
  A deep elf mage (Elf:1)
  A swamp worm (Swamp:3)
  A hydra simulacrum (Hell)
  A swamp drake (Swamp:4)
  A wasp (Swamp:1)
  An orc wizard (Orc:4)
  A quokka (D:7)
  6 briar patches
  A crawling corpse (Elf:1)
  62 eldritch tentacle segments (Depths:3)
  35 fungi
  A lurking horror (Abyss:1)
  22 plants
  30 starspawn tentacles
  328 starspawn tentacle segments
504 creatures vanquished.

Grand Total: 2927 creatures vanquished

Notes
Turn   | Place    | Note
--------------------------------------------------------------
     0 | D:1      | Alarkh the Ghoul Monk began the quest for the Orb.
     0 | D:1      | Reached XP level 1. HP: 19/19 MP: 0/0
   125 | D:1      | Reached XP level 2. HP: 23/25 MP: 1/1
   214 | D:1      | Reached skill level 5 in Unarmed Combat
   246 | D:2      | Noticed Terence
   480 | D:1      | Reached XP level 3. HP: 27/31 MP: 2/2
   554 | D:2      | Noticed Ijyb
   557 | D:2      | Killed Terence
   590 | D:1      | Killed Ijyb
   590 | D:1      | Reached skill level 6 in Unarmed Combat
   590 | D:1      | Reached XP level 4. HP: 14/38 MP: 3/3
   748 | D:2      | Noticed Natasha
   757 | D:2      | Killed Natasha
   757 | D:2      | Reached XP level 5. HP: 34/45 MP: 4/4
   880 | D:2      | Noticed Jessica
   885 | D:2      | Killed Jessica
   885 | D:2      | Reached skill level 7 in Unarmed Combat
  1073 | D:2      | Noticed Natasha
  1081 | D:2      | Killed Natasha
  1084 | D:2      | Noticed Natasha
  1094 | D:2      | Killed Natasha
  1416 | D:3      | Found a glowing drain.
  1459 | Sewer    | Entered a sewer
  1868 | D:3      | Noticed Sl000nik's ghost (amateur HuFi)
  1880 | D:3      | Killed Sl000nik's ghost
  1880 | D:3      | Reached skill level 8 in Unarmed Combat
  1880 | D:3      | Reached XP level 6. HP: 43/49 MP: 5/5
  2102 | D:3      | Reached skill level 9 in Unarmed Combat
  2102 | D:3      | Reached XP level 7. HP: 51/56 MP: 6/6
  2441 | D:3      | Noticed Crazy Yiuf
  2489 | D:3      | Killed Crazy Yiuf
  2604 | D:4      | Found a shadowy altar of Dithmenos.
  2695 | D:4      | Found a sacrificial altar of Ru.
  3185 | D:5      | Entered Level 5 of the Dungeon
  3293 | D:5      | Reached skill level 10 in Unarmed Combat
  3534 | D:5      | Learned a level 2 spell: Repel Missiles
  3628 | D:5      | Reached skill level 1 in Armour
  3628 | D:5      | Reached XP level 8. HP: 46/64 MP: 7/7
  3729 | D:5      | Found Ruol's Magic Scroll Shoppe.
  3737 | D:5      | Reached skill level 1 in Spellcasting
  3737 | D:5      | Reached skill level 1 in Air Magic
  3751 | D:5      | Bought a scroll of blinking for 82 gold pieces
  3751 | D:5      | Bought a scroll of enchant armour for 82 gold pieces
  3840 | D:5      | Reached skill level 1 in Charms
  4122 | D:6      | Noticed barb4r1an's ghost (novice MiFi)
  4145 | D:6      | Noticed Blork the orc
  4152 | D:6      | Killed Blork the orc
  4229 | D:6      | Found a staircase to the Ecumenical Temple.
  4242 | Temple   | Entered the Ecumenical Temple
  4410 | D:6      | Found a stormy altar of Qazlal.
  4476 | D:6      | Found Ecle's Antique Weapon Shoppe.
  5063 | D:6      | Noticed Eustachio
  5355 | D:5      | Reached XP level 9. HP: 47/72 MP: 10/10
  5384 | D:6      | Killed Eustachio
  5417 | D:6      | Reached skill level 11 in Unarmed Combat
  5621 | D:7      | Found a white marble altar of Elyvilon.
  6679 | D:6      | Killed barb4r1an's ghost
  6700 | D:6      | Reached skill level 5 in Fighting
  7179 | D:8      | Reached XP level 10. HP: 76/80 MP: 12/12
  7823 | D:8      | Found an iron altar of Okawaru.
  8046 | D:8      | Became a worshipper of Warmaster Okawaru
  8046 | D:8      | Reached * piety under Okawaru
  8046 | D:8      | Reached ** piety under Okawaru
  8102 | D:9      | Reached skill level 12 in Unarmed Combat
  8471 | D:9      | Reached skill level 5 in Dodging
  8502 | D:9      | Got a scorched hand axe
  8503 | D:9      | Identified the +2 hand axe of the Valley of Death {venom, MP+9} (You found it on level 9 of the Dungeon)
  8687 | D:9      | Reached *** piety under Okawaru
  8853 | D:9      | Found a staircase to the Lair.
  8867 | D:9      | Found a radiant altar of Vehumet.
  8867 | D:9      | Found a glowing silver altar of Zin.
  8870 | D:9      | Found a shimmering altar of Xom.
  8892 | D:10     | Entered Level 10 of the Dungeon
  9057 | D:10     | Reached XP level 11. HP: 40/89 MP: 13/15
  9252 | D:10     | Noticed a hill giant
  9265 | D:10     | Killed a hill giant
  9265 | D:10     | Reached **** piety under Okawaru
  9369 | D:10     | Noticed a hill giant
  9375 | D:10     | Killed a hill giant
  9653 | Lair:1   | Entered Level 1 of the Lair of Beasts
  9868 | Lair:2   | Reached skill level 13 in Unarmed Combat
  9880 | Lair:2   | Reached ***** piety under Okawaru
  9968 | Lair:2   | Reached skill level 5 in Armour
 10453 | Lair:2   | Noticed a five-headed hydra
 10460 | Lair:2   | Killed a five-headed hydra
 10624 | Lair:2   | Received a gift from Okawaru
 10839 | Lair:3   | Noticed a six-headed hydra
 10852 | Lair:3   | Killed a six-headed hydra
 10852 | Lair:3   | Reached skill level 5 in Air Magic
 10861 | Lair:3   | Reached skill level 5 in Charms
 10892 | Lair:3   | Reached XP level 12. HP: 83/100 MP: 18/18
 11348 | Lair:3   | Reached skill level 5 in Spellcasting
 11839 | Lair:4   | Noticed an eight-headed hydra
 11851 | Lair:4   | Killed an eight-headed hydra
 12084 | Lair:4   | Reached skill level 14 in Unarmed Combat
 12622 | Lair:5   | Noticed Snorg
 12633 | Lair:5   | Found a snail-covered altar of Cheibriados.
 12864 | Lair:5   | Noticed a four-headed hydra
 12878 | Lair:5   | HP: 3/100 [blink frog (10)]
 12895 | Lair:6   | HP: 4/100 [water moccasin (1)]
 13181 | Lair:5   | Noticed a four-headed hydra
 13190 | Lair:5   | Killed a four-headed hydra
 13403 | Lair:5   | Received a gift from Okawaru
 13549 | Lair:5   | Reached XP level 13. HP: 62/108 MP: 19/19
 13587 | Lair:5   | Killed Snorg
 13728 | Lair:5   | Reached skill level 15 in Unarmed Combat
 13825 | Lair:5   | Killed a four-headed hydra
 14632 | Lair:6   | Found a hole to the Spider Nest.
 14645 | Lair:6   | Reached ****** piety under Okawaru
 14687 | Lair:6   | Found a staircase to the Swamp.
 14733 | Lair:6   | Noticed a death yak
 14735 | Lair:6   | Noticed a death yak
 14739 | Lair:6   | Noticed a death yak
 14739 | Lair:6   | Noticed a death yak
 14739 | Lair:6   | Noticed a death yak
 14760 | Lair:6   | Killed a death yak
 14771 | Lair:6   | Killed a death yak
 14794 | Lair:6   | Killed a death yak
 14798 | Lair:6   | Killed a death yak
 14804 | Lair:6   | HP: 1/112 [spiny frog (20)]
 14854 | Lair:6   | Killed a death yak
 15040 | Lair:6   | Reached skill level 10 in Fighting
 15193 | Lair:6   | Received a gift from Okawaru
 15242 | Lair:6   | Got a steaming scale mail
 15253 | Lair:6   | Identified the +6 scale mail of the Morning {rPois rN++ Stlth+} (You found it on level 6 of the Lair of Beasts)
 15896 | Lair:7   | Reached skill level 16 in Unarmed Combat
 15896 | Lair:7   | Reached XP level 14. HP: 79/115 MP: 14/20
 16025 | Lair:7   | Found a dark tunnel.
 16045 | Volcano  | Entered a volcano
 16346 | Volcano  | Found a burning altar of Makhleb.
 16352 | Volcano  | Received a gift from Okawaru
 16781 | Lair:7   | Found a staircase to the Slime Pits.
 17350 | Lair:8   | Entered Level 8 of the Lair of Beasts
 18483 | Lair:8   | Reached skill level 17 in Unarmed Combat
 18692 | Lair:8   | Received a gift from Okawaru
 18693 | Lair:8   | Got a faintly glowing executioner's axe {god gift}
 18697 | Lair:8   | Identified the +9 executioner's axe "Usmegg" {drain, rF+ Dex+3 Stlth+} (Okawaru gifted it to you on level 8 of the Lair of Beasts)
 18943 | Lair:8   | Identified Sif Muna's Volume of Evil Displacement
 19046 | Lair:8   | Reached XP level 15. HP: 99/130 MP: 19/21
 19198 | Lair:8   | Found a runed door.
 19212 | Lair:8   | Reached skill level 10 in Dodging
 20368 | Lair:1   | Noticed a six-headed hydra
 20376 | Lair:1   | Killed a six-headed hydra
 20634 | Lair:1   | Noticed a seven-headed hydra
 20644 | Lair:1   | Killed a seven-headed hydra
 20644 | Lair:1   | Reached skill level 10 in Armour
 21088 | D:11     | Found a portal to a secret trove of treasure.
 21193 | D:11     | Received a gift from Okawaru
 22016 | D:12     | Found a staircase to the Orcish Mines.
 22359 | D:12     | Reached skill level 18 in Unarmed Combat
 22795 | Orc:1    | Entered Level 1 of the Orcish Mines
 23026 | Orc:2    | Found Oqukhau's Armour Shop.
 23543 | Orc:3    | Found a staircase to the Elven Halls.
 24064 | Orc:3    | Identified a -2 rod of ignition (12/12) (You found it on level 12 of the Dungeon)
 24548 | Orc:4    | Entered Level 4 of the Orcish Mines
 24682 | Orc:4    | Noticed Saint Roka
 24817 | Orc:4    | Killed Saint Roka
 24817 | Orc:4    | Received a gift from Okawaru
 24817 | Orc:4    | Reached skill level 1 in Invocations
 24817 | Orc:4    | Reached skill level 1 in Evocations
 24838 | Orc:4    | Got a polished cloak {god gift}
 24860 | Orc:3    | Identified the +1 cloak of the Iron Devil {rF- rN+ rCorr Dex+7} (Okawaru gifted it to you on level 4 of the Orcish Mines)
 25113 | Orc:4    | Found Kucheror's Food Shop.
 25113 | Orc:4    | Found Zaotuirph's Antique Armour Emporium.
 25199 | Orc:4    | Found a roughly hewn altar of Beogh.
 25288 | Orc:4    | Found Jilama's Armour Emporium.
 25320 | Orc:4    | Bought a +0 pair of boots of running for 378 gold pieces
 25337 | Orc:4    | Found Gisarykid's Book Shop.
 25352 | Orc:4    | Reached XP level 16. HP: 136/141 MP: 22/22
 25364 | Orc:4    | Bought the Catalogue of Self-Knowledge and the Voyage for 780 gold pieces
 25439 | Orc:4    | Learned a level 6 spell: Haste
 25448 | Orc:4    | Learned a level 6 spell: Deflect Missiles
 25450 | Orc:4    | Learned a level 1 spell: Apportation
 25453 | Orc:4    | Learned a level 2 spell: Song of Slaying
 25458 | Orc:4    | Learned a level 4 spell: Passage of Golubria
 26951 | D:14     | Found Dueteemp's Armour Boutique.
 27338 | D:14     | Received a gift from Okawaru
 27403 | D:14     | Found a gate to the Vaults.
 27515 | D:14     | Found an opulent altar of Gozag.
 27519 | D:14     | Found Gozag's Platinum Reserve.
 27896 | D:15     | Entered Level 15 of the Dungeon
 28815 | D:15     | Found a staircase to the Depths.
 29190 | Spider:1 | Entered Level 1 of the Spider Nest
 29727 | Spider:1 | Noticed Azrael
 29760 | Spider:1 | Reached XP level 17. HP: 134/148 MP: 19/27
 29766 | Spider:1 | Killed Azrael
 32288 | Spider:4 | Entered Level 4 of the Spider Nest
 32389 | Spider:4 | Received a gift from Okawaru
 32804 | Spider:4 | Noticed Arachne
 32833 | Spider:4 | Killed Arachne
 33136 | Spider:4 | Reached skill level 10 in Charms
 33161 | Spider:4 | Reached XP level 18. HP: 93/155 MP: 28/30
 33190 | Spider:4 | Received a gift from Okawaru
 33207 | Spider:4 | Got a gossamer rune of Zot
 33804 | Swamp:1  | Entered Level 1 of the Swamp
 33860 | Swamp:1  | You fall through a shaft!
 34096 | Swamp:2  | Reached skill level 10 in Spellcasting
 34229 | Swamp:1  | Received a gift from Okawaru
 34234 | Swamp:1  | Got a faintly humming hat {god gift}
 34245 | Swamp:1  | Identified the +2 hat of Winter {Regen+ Str+2} (Okawaru gifted it to you on level 1 of the Swamp)
 34303 | Swamp:1  | Reached skill level 10 in Air Magic
 34971 | Swamp:2  | Noticed Frances
 34995 | Swamp:2  | Killed Frances
 35418 | Swamp:2  | Got a scorched chain mail
 35567 | Swamp:2  | Identified the +8 chain mail of Defence {Str+4} (You found it on level 2 of the Swamp)
 36456 | Swamp:4  | Entered Level 4 of the Swamp
 37199 | Swamp:4  | Got an opalescent robe
 37213 | Swamp:4  | Identified the cursed +0 robe of the Fisher {Str+4} (You found it on level 4 of the Swamp)
 37324 | Swamp:4  | Reached XP level 19. HP: 160/160 MP: 33/33
 37545 | Swamp:4  | Noticed barb4r1an's ghost (journeyman MiFi)
 37574 | Swamp:4  | Killed barb4r1an's ghost
 37602 | Swamp:4  | Got a decaying rune of Zot
 38242 | Vaults:1 | Entered Level 1 of the Vaults
 38658 | Vaults:1 | Received a gift from Okawaru
 38709 | Vaults:1 | Found Misesk's Jewellery Shop.
 38989 | Vaults:1 | Found Ylud's Book Emporium.
 39253 | Vaults:1 | Found Tixzab's Magic Scroll Boutique.
 39263 | Vaults:1 | Found Zaolyk's Magic Scroll Boutique.
 39264 | Vaults:1 | Found Idiqiywe's General Store.
 39267 | Vaults:1 | Bought 2 scrolls of blinking for 270 gold pieces
 39267 | Vaults:1 | Bought a scroll of identify for 36 gold pieces
 39267 | Vaults:1 | Bought a scroll of identify for 36 gold pieces
 39267 | Vaults:1 | Bought a scroll of identify for 36 gold pieces
 39267 | Vaults:1 | Bought a scroll of identify for 36 gold pieces
 39273 | Vaults:1 | Bought a scroll of enchant armour for 127 gold pieces
 39281 | Vaults:1 | Bought a potion of haste for 140 gold pieces
 39588 | Vaults:2 | Paralysed by a great orb of eyes for 2 turns
 39594 | Vaults:2 | Paralysed by a great orb of eyes for 5 turns
 41890 | Vaults:3 | Reached XP level 20. HP: 148/169 MP: 35/35
 41980 | Vaults:2 | Received a gift from Okawaru
 41989 | Vaults:2 | Got a brightly glowing executioner's axe {god gift}
 41990 | Vaults:2 | Identified the +2 executioner's axe of Okawaru's Favour {freeze, rN+ Stlth+} (Okawaru gifted it to you on level 2 of the Vaults)
 42340 | Vaults:3 | Paralysed by a wizard for 4 turns
 42401 | Vaults:3 | Found a staircase to the Crypt.
 42493 | Vaults:3 | Found Puvveoz's Antique Weapon Shop.
 43110 | Vaults:4 | Found Teituwaj's Book Shop.
 43118 | Vaults:4 | Bought a manual of Spellcasting for 1104 gold pieces
 43580 | Vaults:4 | Found Famoupli's General Store.
 43584 | Vaults:4 | Found Keusei's Antique Armour Shoppe.
 43592 | Vaults:4 | Bought a brightly glowing ring mail for 306 gold pieces
 43602 | Vaults:4 | Identified the +2 ring mail of Salvation {+Inv rF+++ MR+ Dex-3} (You bought it in a shop on level 4 of the Vaults)
 43635 | Vaults:4 | Found Wuhuimp's Assorted Antiques.
 43638 | Vaults:4 | Bought a clouded brass amulet for 155 gold pieces
 43638 | Vaults:4 | Identified the amulet "Heon Joethrunk" {Stasis Str+3} (You bought it in a shop on level 4 of the Vaults)
 43705 | Vaults:4 | Found Baacizu's Antique Armour Shop.
 43753 | Vaults:4 | Found an iron altar of Okawaru.
 43819 | Vaults:4 | Got a fabulously ornate robe
 43830 | Vaults:4 | Identified the cursed +1 robe of Sin {rC- Regen+ Str+2} (You found it on level 4 of the Vaults)
 43969 | Vaults:4 | Paralysed by a sphinx for 3 turns
 43975 | Vaults:4 | Cast into the Abyss (an ogre mage)
 43975 | Abyss:1  | Found a corrupted altar of Lugonu.
 44030 | Abyss:1  | Received a gift from Okawaru
 45068 | Abyss:1  | HP: 6/169 [revenant/dispel undead (21)]
 45230 | Abyss:1  | Found a corrupted altar of Lugonu.
 45298 | Vaults:4 | Escaped the Abyss
 45304 | Vaults:4 | HP: 2/168 [stone giant/large rock (38)]
 45628 | Vaults:4 | Reached XP level 21. HP: 133/176 MP: 32/38
 46743 | Elf:1    | Entered Level 1 of the Elven Halls
 46763 | Elf:1    | Found a radiant altar of Vehumet.
 46834 | Elf:1    | Found a deep blue altar of Sif Muna.
 47644 | Elf:2    | Identified a scroll of acquirement
 47675 | Elf:2    | Found a runed gate.
 47676 | Elf:2    | Found a runed gate.
 47678 | Elf:2    | Found a runed gate.
 48047 | Elf:2    | Noticed Roxanne
 48068 | Elf:2    | Killed Roxanne
 48070 | Elf:2    | Identified Roxanne's Volume of Clay and Moulding (You took it off Roxanne on level 2 of the Elven Halls)
 48135 | Elf:2    | Received a gift from Okawaru
 48738 | Elf:3    | Entered Level 3 of the Elven Halls
 49258 | Elf:3    | Reached skill level 19 in Unarmed Combat
 49368 | Elf:3    | Received a gift from Okawaru
 49526 | Elf:3    | Found Bigilich's Assorted Antiques.
 49643 | Elf:3    | Reached XP level 22. HP: 185/185 MP: 39/39
 49907 | Elf:3    | Cast into the Abyss (a deep elf demonologist)
 50213 | Abyss:1  | Paralysed by accursed screaming for 2 turns
 50218 | Abyss:1  | Paralysed by accursed screaming for 1 turns
 50468 | Abyss:3  | Found a corrupted altar of Lugonu.
 50684 | Elf:3    | Escaped the Abyss
 50792 | Elf:3    | Identified the Compendium of Transformation (You found it on level 3 of the Elven Halls)
 51113 | Lair:2   | Got a dazzling crystal plate armour
 51127 | Lair:2   | Identified the +2 crystal plate armour of Crawling {-Tele rElec rPois Dex+5} (You acquired it on level 2 of the Lair of Beasts)
 51808 | Elf:3    | Bought a tourmaline ring for 225 gold pieces
 52106 | Depths:1 | Entered Level 1 of the Depths
 52113 | Depths:1 | Paralysed by a great orb of eyes for 6 turns
 52296 | Depths:1 | Found Wohudilyna's Quality Used Wands.
 52665 | Depths:1 | Found a one-way gate leading to the halls of Pandemonium.
 52868 | Depths:1 | Noticed Asterion
 53048 | Depths:1 | Killed Asterion
 53457 | Depths:1 | Reached skill level 20 in Unarmed Combat
 53462 | Depths:1 | Found a gateway to Hell.
 53818 | Depths:2 | Received a gift from Okawaru
 53940 | Depths:2 | Noticed jacquesderrida's ghost (adept DgNe)
 54034 | Depths:2 | Killed jacquesderrida's ghost
 54586 | Depths:2 | Found a sparkling altar of Nemelex Xobeh.
 55174 | Depths:2 | Reached skill level 15 in Spellcasting
 55231 | Depths:2 | Reached XP level 23. HP: 119/196 MP: 30/41
 55344 | Depths:2 | Identified the Handbook of Displacement and Intoxication
 55671 | Depths:2 | Received a gift from Okawaru
 55676 | Depths:2 | Got a fine cloak {god gift}
 55690 | Depths:2 | Identified the +3 cloak "Rocu" {rN++ Dex+2} (Okawaru gifted it to you on level 2 of the Depths)
 56021 | Depths:3 | Paralysed by a great orb of eyes for 7 turns
 56231 | Depths:3 | Reached skill level 21 in Unarmed Combat
 56285 | Depths:3 | Found a gateway to a ziggurat.
 56355 | Depths:3 | Noticed a juggernaut
 56550 | Depths:2 | Killed a juggernaut
 56803 | Depths:2 | Received a gift from Okawaru
 57062 | Depths:3 | Reached skill level 15 in Fighting
 57141 | Depths:3 | Got a faintly glowing hat
 57161 | Depths:3 | Identified the +1 hat of Gunenyeky {*Corrode rElec Str+7} (You acquired it on level 3 of the Depths)
 57494 | Depths:3 | Got a warped golden ring
 57495 | Depths:3 | Identified the ring "Teecor" {rElec rPois MP-9 Dex+4 Stlth+} (You took it off a deep elf death mage on level 3 of the Depths)
 57625 | Hell     | Entered the Vestibule of Hell
 57625 | Hell     | Noticed Geryon
 57642 | Hell     | Killed Geryon
 57645 | Hell     | Reached XP level 24. HP: 198/206 MP: 30/42
 58246 | Depths:3 | Paralysed by a sphinx for 4 turns
 58461 | Hell     | Found a gateway to the Iron City of Dis.
 58874 | D:11     | You paid a toll of the horn of Geryon to enter a treasure trove
 58875 | Trove    | Entered a treasure trove
 58880 | Trove    | Got a scintillating brass amulet
 58923 | Trove    | Got a warped hat
 58934 | Trove    | Got a crude cloak
 59011 | D:11     | Identified the +1 hat of Makhleb's Approval {Regen+} (You found it in a treasure trove)
 59032 | D:11     | Identified the cursed +0 cloak of Panentheism {Str+4} (You found it in a treasure trove)
 59034 | D:11     | Identified the amulet of Incredulity {Ward +Inv rPois rN+} (You found it in a treasure trove)
 59308 | Hell     | Found a gateway to the decaying netherworld of Tartarus.
 59398 | Hell     | Found a gateway to the freezing wastes of Cocytus.
 59589 | Depths:4 | Received a gift from Okawaru
 59689 | Depths:4 | Quit the game

Action                   |  1- 3 |  4- 6 |  7- 9 | 10-12 | 13-15 | 16-18 | 19-21 | 22-24 || total
-------------------------+-------+-------+-------+-------+-------+-------+-------+-------++-------
Melee: Unarmed           |    85 |   185 |   423 |  1046 |  2120 |  2213 |  2589 |  2131 || 10792
 Cast: Repel Missiles    |       |       |     1 |     1 |     4 |     3 |     5 |       ||    14
       Song of Slaying   |       |       |       |       |       |    24 |     7 |     3 ||    34
       Haste             |       |       |       |       |       |     4 |    23 |    30 ||    57
       Deflect Missiles  |       |       |       |       |       |     1 |    14 |     8 ||    23
Invok: Heroism           |       |       |       |    11 |    18 |    14 |    13 |     7 ||    63
       Finesse           |       |       |       |       |     6 |     3 |     4 |     3 ||    16
Evoke: Wand              |       |       |       |       |     2 |     4 |    15 |     5 ||    26
       Deck              |       |       |       |       |       |    13 |     1 |     4 ||    18
  Use: Potion            |     1 |     4 |     8 |       |     5 |     5 |     2 |       ||    25
       Scroll            |       |    10 |     4 |    13 |    11 |    16 |    19 |    18 ||    91
 Stab: Sleeping          |     1 |     7 |     6 |     2 |     1 |       |       |       ||    17
       Distracted        |       |     1 |       |       |       |       |       |       ||     1
       Petrified         |       |       |       |       |       |     1 |       |       ||     1
       Invisible         |       |       |       |       |       |    10 |       |       ||    10
       Held in net/web   |       |       |       |       |       |     3 |       |       ||     3
       Confused          |       |       |       |       |       |     8 |       |       ||     8
  Eat: Chunk             |     9 |     9 |    24 |    76 |   160 |   186 |   162 |   140 ||   766
       Beef jerky        |       |       |       |       |       |       |       |     1 ||     1
